 Dungeon Crawl Stone Soup version 0.28.0-53-g5a82cb258f (webtiles) character file.

Game seed: 5045256777398267098

36 Sin92 the Skirmisher (level 3, 0/29 HPs)
             Began as a Demonspawn Fighter on June 23, 2022.
             Slain by Sigmund
             ... wielding a +0 scythe
              (1 damage)
             ... on level 3 of the Dungeon.
             The game lasted 00:01:39 (2005 turns).

Sin92 the Skirmisher (Demonspawn Fighter)           Turns: 2005, Time: 00:01:39

Health: 0/29       AC:  9    Str: 18    XL:     3   Next: 19%
Magic:  3/3        EV:  9    Int:  9    God:
Gold:   99         SH:  0    Dex: 12    Spells: 2/2 levels left

rFire   . . .      SeeInvis .   a - +1 flail
rCold   . . .      Faith    .   c - +0 buckler
rNeg    . . .      Spirit   .   b - +0 scale mail
rPois   .          Reflect  .   m - +0 helmet
rElec   .          Harm     .   h - +0 cloak
rCorr   .          Rampage  .   (no gloves)
Will    .....                   (no boots)
Stlth   ..........              (no amulet)
HPRegen 0.09/turn               (no ring)
MPRegen 0.08/turn               (no ring)

@: confused
A: powered by pain 1
a: no special abilities


You were on level 3 of the Dungeon.
You visited 1 branch of the dungeon, and saw 3 of its levels.

You collected 99 gold pieces.

Inventory:

Hand Weapons
 a - a +1 flail (weapon)
Armour
 b - a +0 scale mail (worn)
 c - a +0 buckler (worn)
 h - a +0 cloak (worn)
 m - a +0 helmet (worn)
Scrolls
 f - 3 scrolls of torment {unknown}
Potions
 d - a potion of might
 g - a potion of invisibility {unknown}
 k - a potion of degeneration {unknown}


   Skills:
 + Level 3.2 Fighting
 + Level 2.1 Maces & Flails
 + Level 3.0 Armour
 + Level 1.0 Dodging
 + Level 3.0 Shields


You had 2 spell levels left.
You didn't know any spells.
Your spell library was empty.

Dungeon Overview and Level Annotations

Branches:
Dungeon (3/15)

Altars:

Annotations:
D:3 Sigmund


Innate Abilities, Weirdness & Mutations

You sometimes gain a little power by taking damage.


Message History

There are monsters nearby!
You barely miss the kobold. The kobold hits you but does no damage.
Something hits you but does no damage.
The kobold hits you with a +0 short sword.
There are monsters nearby!
You thump the kobold!
You kill the kobold!
An endoplasm is nearby!
You hit the endoplasm.
The endoplasm is heavily wounded.
Something hits you. You block the endoplasm's attack.
Unknown command.
You barely miss the endoplasm.
The endoplasm is heavily wounded.
Something hits you. The endoplasm freezes you.
You are frozen.
The endoplasm hits you.
Unknown command.
You are too injured to fight recklessly!
Unknown command.
You are too injured to fight recklessly!
An endoplasm is nearby!
You are too injured to fight recklessly!
You barely miss the endoplasm.
The endoplasm is heavily wounded.
You hear some strange, mumbled words.
You are confused.
The endoplasm hits you but does no damage.
Something hits you!
* * * LOW HITPOINT WARNING * * *
The endoplasm hits you but does no damage.
Things that are here:
a +0 short sword; a stone; a kobold corpse You bump into the rock wall.
Something hits you but does no damage.
The endoplasm hits you but does no damage.
Something completely misses you.
You sock the endoplasm!
You kill the endoplasm!
Something hits you.
You die...

. ...####.##.#
..#.#.#..##.# #.#..#
.
.....#..##.####.#..#
..
...............#..#
...
...#..##.#.......#
....
.............#.##
.....#.#..##.#.##.#.#
#..#...#..##.#.##.#.#
#......@.)..........#
....................#
#.#..#..............#
..........##..###...#
...........#...# ...#
###....#.<..)..# ..#
................ ....
##....#.#.###.## .##
#....#.#.#


There were no monsters in sight!

Vanquished Creatures
  A worm (D:3)
  5 endoplasms
  3 giant cockroaches (D:1)
  A hobgoblin (D:1)
  2 quokkas
  5 ball pythons
  3 frilled lizards (D:1)
  5 goblins
  2 kobolds
  4 rats (D:1)
31 creatures vanquished.

Notes
Turn   | Place    | Note
-------+----------+-------------------------------------------
     0 | D:1      | Sin92 the Demonspawn Fighter began the quest for the Orb.
     0 | D:1      | Reached XP level 1. HP: 18/18 MP: 1/1
   300 | D:1      | Gained mutation: You sometimes gain a little power by
                  | taking damage. [demonic ancestry]
   300 | D:1      | Reached XP level 2. HP: 20/24 MP: 2/2
  1697 | D:2      | Reached XP level 3. HP: 27/29 MP: 3/3
  1715 | D:2      | Found a faded altar of an unknown god.
  1971 | D:3      | Reached skill level 1 in Dodging
  1993 | D:3      | Noticed Sigmund
  2001 | D:3      | HP: 1/29 [something (11)]
  2005 | D:3      | Slain by Sigmund

Illustrated notes

Levels and vault maps discovered:
D:1:      wander_arrival_lonely_grave, layout_basic, serial_glass,
          glass_columns_a, glass_columns_b,
          wander_ebering_terrifying_dragon_lair
D:2:      layout_basic, hellmonk_ecumenical_altar_slurped_away,
          hangedman_decor_growths
D:3:      layout_basic, minmay_starry_boxes, uniq_sigmund

Skill      XL: |  1  2  3 |
---------------+----------+-----
Maces & Flails | 2 |  2.1
Dodging        | 1 |  1.0
Shields        | 3 |  3.0
Armour         | 3 |  3.0
Fighting       | |  3.2

Action                   || total
-------------------------++-------
Melee: Flail             ||    92
  Use: Scroll            ||     4
Armor: Scale mail        ||    42
Dodge: Dodged            ||    53
Block: Buckler           ||    19
